 Dungeon Crawl Stone Soup version 0.21.1-1-g345015f (webtiles) character file.

234 CHODE the Skirmisher (level 6, -2/56 HPs)
             Began as a Hill Orc Fighter on Mar 8, 2018.
             Slain by an ogre
             ... wielding a +0 giant club
              (20 damage)
             ... on level 4 of the Dungeon.
             The game lasted 00:05:25 (2739 turns).

CHODE the Skirmisher (Hill Orc Fighter)             Turns: 2739, Time: 00:05:25

Health: -2/56      AC:  7    Str: 19    XL:     6   Next: 5%
Magic:  6/6        EV:  7    Int: 13    God:
Gold:   123        SH:  9    Dex: 12    Spells: 5/5 levels left

rFire    x . .     SeeInvis .   a - +0 long sword
rCold    + . .     Gourm    .   c - +0 shield
rNeg     . . .     Faith    .   b - +0 scale mail
rPois    .         Spirit   .   (no helmet)
rElec    .         Reflect  .   (no cloak)
rCorr    .         Harm     .   (no gloves)
MR       +....                  (no boots)
Stlth    ..........             (no amulet)
HPRegen  0.18/turn              l - ring of protection from magic (curse)
MPRegen  0.10/turn              p - ring of ice

@: brilliant
A: no striking features
a: no special abilities


You were on level 4 of the Dungeon.
You were not hungry.

You visited 1 branch of the dungeon, and saw 4 of its levels.

You collected 123 gold pieces.

Inventory:

Hand Weapons
 a - a +0 long sword (weapon)
Armour
 b - a +0 scale mail (worn)
 c - a +0 shield (worn)
Jewellery
 l - a cursed ring of protection from magic (left hand)
 p - a ring of ice (right hand)
Scrolls
 d - a scroll of remove curse {unknown}
 h - a scroll of immolation {unknown}
 i - 3 scrolls of teleportation
 n - a scroll of enchant weapon {unknown}
Potions
 e - a potion of brilliance
 g - a potion of degeneration
 k - a potion of mutation {unknown}
 m - a potion of curing
 o - a potion of agility {unknown}
Comestibles
 f - 9 rations


   Skills:
 + Level 5.0 Fighting
 * Level 5.0 Long Blades
 + Level 4.5 Armour
 - Level 3.2 Shields


You had 5 spell levels left.
You didn't know any spells.

Dungeon Overview and Level Annotations

Branches:
Dungeon (4/15)
 Temple: D:4-7

Altars:
Qazlal


Message History

You are too injured to fight recklessly!
You are too injured to fight recklessly!
You are too injured to fight recklessly!
You are too injured to fight recklessly!
You are too injured to fight recklessly!
You are too injured to fight recklessly!
You are too injured to fight recklessly!
You are too injured to fight recklessly!
You are too injured to fight recklessly!
You are too injured to fight recklessly!
It was a potion of brilliance.
You feel clever all of a sudden. You block the ogre's attack.
You hit the ogre but do no damage.
The ogre is heavily wounded.
The ogre barely misses you.
You hit the ogre.
The ogre is severely wounded.
The ogre hits you with a giant club!!
You die...

#.##.#..#..# #.
#.#.##.#..#..# #.
#.#..#...<#..####.
#.#..............)
#.#......#.#......
#.#......#.####...
#.##.#...#. #.##
#O##.#.#.#.# #.#
#@##.#<#.#.# #.#
#.##.###.#.####.##
#.................
####.###.#.####.#.
#.##..#.# #.#.
#.##.##.####.#.
#............#.
#.##.##.######.
########.##.######.


You could see an ogre.

Vanquished Creatures
  Sigmund (D:3)
  Robin (D:3)
  2 adders (D:2)
  A worm (D:4)
  A dart slug (D:1)
  2 leopard geckos
  3 giant cockroaches
  9 hobgoblins
  A quokka (D:2)
  2 bats (D:3)
  10 goblins
  2 kobolds (D:1)
  2 rats
37 creatures vanquished.

Notes
Turn   | Place    | Note
-------+----------+-------------------------------------------
     0 | D:1      | CHODE the Hill Orc Fighter began the quest for the Orb.
     0 | D:1      | Reached XP level 1. HP: 19/19 MP: 1/1
   373 | D:1      | Reached XP level 2. HP: 24/27 MP: 2/2
   962 | D:2      | Reached XP level 3. HP: 22/33 MP: 3/3
  1604 | D:3      | Found a stormy altar of Qazlal.
  1612 | D:3      | Noticed Robin
  1650 | D:3      | Killed Robin
  1650 | D:3      | Reached XP level 4. HP: 5/40 MP: 4/4
  1958 | D:3      | Noticed Sigmund
  1966 | D:3      | Killed Sigmund
  1966 | D:3      | Reached XP level 5. HP: 17/47 MP: 5/5
  1966 | D:3      | Reached XP level 6. HP: 20/55 MP: 6/6
  2269 | D:3      | Reached skill level 5 in Fighting
  2682 | D:4      | Reached skill level 5 in Long Blades
  2739 | D:4      | Slain by an ogre

Skill      XL: |  1  2  3  4  5  6 |
---------------+-------------------+-----
Fighting       | 4 5 |  5.0
Long Blades    | 3 4 5 |  5.0
Armour         | 4 |  4.5
Shields        | |  3.2

Action                   |  1- 3 |  4- 6 || total
-------------------------+-------+-------++-------
Melee: Long sword        |    69 |    26 ||    95
  Use: Potion            |     6 |     2 ||     8
       Scroll            |     1 |     1 ||     2
  Eat: Ration            |     1 |     1 ||     2
Armor: Scale mail        |    28 |    10 ||    38
       Skin              |    41 |       ||    41
Dodge: Dodged            |    34 |     6 ||    40
Block: Shield            |    65 |     6 ||    71
       Rpst.: Long sword |     7 |     2 ||     9
